 Dungeon Crawl Stone Soup version 0.31-a0-702-gf82c85558f (webtiles) character file.

Game seed: 15689381734270458378

1273 qw the Skirmisher (level 8, 0/49 HPs)
             Began as a Gargoyle Hunter on Sept 8, 2023.
             Was a Follower of Okawaru.
             Slain by a gnoll
             ... wielding a +0 halberd
             ... led by a gnoll sergeant
              (4 damage)
             ... on level 5 of the Dungeon.
             The game lasted 00:01:55 (3387 turns).

qw the Skirmisher (Gargoyle Hunter)                 Turns: 3387, Time: 00:01:55

Health: 0/49       AC: 14    Str: 15    XL:     8   Next: 53%
Magic:  9/11       EV: 14    Int: 10    God:    Okawaru [*.....]
Gold:   101        SH:  0    Dex: 15    Spells: 7/7 levels left

rFire   . . .        Y - +2 shortbow (chaos)
rCold   + . .        (shield currently unavailable)
rNeg    + . .        e - +0 ring mail
rPois   inf          i - +1 hat
rElec   +            (no cloak)
rCorr   .            (no gloves)
SInv    .            k - +0 pair of boots
Will    .....        (no amulet)
Stlth   +++          c - ring of protection from cold
HPRegen 0.28/turn    (no ring)
MPRegen 0.12/turn

%: no passive effects
@: about to teleport, heroic
A: sickness immunity, AC +5, negative energy resistance 1, electricity
resistance, torment resistance 1, petrification resistance
a: Renounce Religion, Heroism


You were on level 5 of the Dungeon.
You worshipped Okawaru.
Okawaru was aware of your devotion.
You visited 1 branch of the dungeon, and saw 5 of its levels.

You collected 298 gold pieces.
You spent 197 gold pieces at shops.


Innate Abilities, Weirdness & Mutations

You are immune to sickness and miasma.
Your stone body is resilient. (AC +5)
You are immune to poison.
You resist negative energy. (rN+)
You are resistant to electric shocks. (rElec)
You are resistant to unholy torment.
You are immune to petrification.


   Skills:
 - Level 5.0(10.0) Fighting
 + Level 8.4(13.4) Ranged Weapons
 - Level 3.1(8.1) Armour
 - Level 2.1(7.1) Dodging
 - Level 1.1(6.1) Stealth
 - Level 4.2 Invocations


You had 7 spell levels left.
You didn't know any spells.
Your spell library was empty.

Inventory:

Hand Weapons
 Y - a +2 shortbow of chaos (weapon)
Armour
 e - a +0 ring mail (worn)
 i - a +1 hat (worn)
 k - a +0 pair of boots (worn)
Jewellery
 c - a ring of protection from cold (left hand)
Scrolls
 a - a scroll of identify
Potions
 b - a potion of cancellation {unknown}
 d - a potion of enlightenment {unknown}
 h - a potion of mutation {unknown}
 j - a potion of heal wounds {unknown}

Dungeon Overview and Level Annotations

Branches:
Dungeon (5/15)             Temple (0/1) D:4

Altars:
Hepliaklqana
Kikubaaqudgha
Okawaru
Wu Jian

Shops:
D:2 !   D:3 [   D:4 [**=*(

Annotations:
D:4 1 runed translucent door, Crazy Yiuf


Message History

The gnoll sergeant is moderately wounded.
The gnoll sergeant barely misses you.
A gnoll comes into view. It is wielding a +0 flail.
A gnoll comes into view. It is wielding a +0 halberd.
The gnoll sergeant closely misses you.
You shoot an arrow.
The arrow closely misses the gnoll sergeant.
The gnoll shouts! x2
The gnoll sergeant hits you from afar with a +0 spear.
You shoot an arrow. The arrow hits the gnoll sergeant.
The gnoll sergeant is heavily wounded.
The gnoll sergeant hits you from afar with a +0 spear.
The gnoll sergeant misses you.
You shoot an arrow. The arrow hits the gnoll sergeant.
Space warps around the gnoll sergeant.
The gnoll sergeant is almost dead.
The gnoll sergeant hits you from afar with a +0 spear.
The gnoll sergeant hits you from afar with a +0 spear!!
3383 ||| INVOKING Heroism.
You gain the combat prowess of a mighty hero.
The gnoll sergeant closely misses you. The gnoll barely misses you.
You shoot an arrow. The arrow hits the gnoll sergeant.
The gnoll sergeant is almost dead.
The gnoll sergeant hits you from afar with a +0 spear!
3385 ||| READING scroll of teleportation.
As you read the scroll of teleportation, it crumbles to dust.
You feel strangely unstable.
The gnoll sergeant completely misses you.
The gnoll hits you from afar with a +0 halberd.
The gnoll sergeant hits you from afar with a +0 spear.
You shoot an arrow. The arrow barely misses the gnoll.
The arrow hits the gnoll sergeant.
The arrow freezes the gnoll sergeant.
You kill the gnoll sergeant!
Okawaru accepts your kill.
The gnoll hits you but does no damage. x2
You shoot an arrow. The arrow hits the gnoll.
The gnoll goes berserk!
The gnoll is moderately wounded.
The gnoll completely misses you.
The gnoll hits you from afar with a +0 halberd.
You die...

#...###....#
#..........#
.###....##.#
#.########## #.#
#.#...# # #.# .
.##.....# #.#
.#.#..###..# #.#
#.#. #..#
#.#########
.#.#..###.<#
#.........# #. .#
#..g.##
#########.# #.#.
#.#)g@# #..<#.##
#..)###.....#
#.......
#[..###.[#.
###.#### #.#.#
#..... ... .
...###...##...#).
### ##
............#.####
#. ...###.#[##.#.#
.## .. #.#.##.#.#
.... ...
#.#.##.#.# .###


You could see 2 gnolls.

Vanquished Creatures
  A yak (D:4)
  Pargi (D:3)
  A black bear (D:5)
  2 ogres (D:5)
  2 phantoms (D:5)
  A scorpion (D:4)
  A gnoll sergeant (D:5)
  2 hounds (D:4)
  An orc priest (D:3)
  A gnoll bouda (D:3)
  5 orc wizards
  8 gnolls
  5 adders
  A white imp (D:5)
  A worm (D:5)
  4 dart slugs
  17 orcs
  11 ball pythons
  10 endoplasms
  3 giant cockroaches
  8 goblins
  10 hobgoblins
  4 jackals (D:3)
  A kobold (D:1)
  6 quokkas
  9 bats
  5 frilled lizards
  A rat (D:3)
122 creatures vanquished.

Vanquished Creatures (others)
  A human (D:4)
1 creature vanquished.

Grand Total: 123 creatures vanquished

Notes
Turn   | Place    | Note
-------+----------+-------------------------------------------
     0 | D:1      | qw the Gargoyle Hunter began the quest for the Orb.
     0 | D:1      | Reached XP level 1. HP: 12/12 MP: 1/1
     0 | D:1      | 0 ||| qw: Version: 0.3-a-76-g4403597
     0 | D:1      | 0 ||| qw: Game counter: 1090
     0 | D:1      | 0 ||| qw: Melee chars always use a shield: true
     0 | D:1      | 0 ||| qw: God list: Okawaru
     0 | D:1      | 0 ||| qw: Allow faded altars: false
     0 | D:1      | 0 ||| qw: Do Orc after clearing Dungeon:15 true
     0 | D:1      | 0 ||| qw: Do second Lair branch before Depths: true
     0 | D:1      | 0 ||| qw: Lair rune preference: random
     0 | D:1      | 0 ||| qw: Goals: Normal
     0 | D:1      | 0 ||| PLANNING D:1-11
   138 | D:1      | Reached XP level 2. HP: 17/17 MP: 2/2
   374 | D:1      | 374 ||| UPGRADING to +0 ring mail.
   384 | D:1      | 384 ||| DROPPING +0 leather armour.
   385 | D:1      | 385 ||| READING scroll labelled IFUACZ IQEE.
   386 | D:1      | 386 ||| DROPPING scroll of butterflies.
   468 | D:2      | Reached skill level 1 in Armour
   468 | D:2      | Reached XP level 3. HP: 21/21 MP: 3/3
   479 | D:2      | Found Vaczuir's Distillery.
   487 | D:2      | 487 ||| SHOPLISTING 2 potions of enlightenment (110 gold,
                  | have 66).
   487 | D:2      | 487 ||| BUYING potion of curing (33 gold).
   487 | D:2      | Bought a potion of curing for 33 gold pieces
   487 | D:2      | 487 ||| SHOPLISTING potion of enlightenment (55 gold, have
                  | 33).
   487 | D:2      | 487 ||| SHOPLISTING potion of might (44 gold, have 33).
   487 | D:2      | 487 ||| SHOPLISTING potion of resistance (110 gold, have
                  | 33).
   643 | D:2      | Reached skill level 5 in Ranged Weapons
   768 | D:2      | Reached XP level 4. HP: 27/27 MP: 4/4
   807 | D:2      | 807 ||| DROPPING ring of wizardry.
   808 | D:2      | 808 ||| READING scroll labelled ZOSIXA HAIMUGAPN.
   811 | D:2      | 811 ||| READING scroll labelled GUOL ACOUMYBUMPERU.
   812 | D:2      | 812 ||| READING scroll labelled MUSOBLO URUNIU.
   813 | D:2      | 813 ||| READING scroll labelled FARO QEEMUCEGH.
   871 | D:3      | Reached skill level 3 in Fighting
   871 | D:3      | 871 ||| FLEEEEING.
   872 | D:3      | 872 ||| FLEEEEING.
   873 | D:3      | 873 ||| FLEEEEING.
  1074 | D:3      | 1074 ||| FLEEEEING.
  1076 | D:3      | 1076 ||| FLEEEEING.
  1089 | D:3      | Reached XP level 5. HP: 30/32 MP: 5/5
  1141 | D:3      | Reached skill level 6 in Ranged Weapons
  1168 | D:3      | Found an ornate altar of the Wu Jian Council.
  1168 | D:3      | Found a hazy altar of Hepliaklqana.
  1168 | D:3      | Found an iron altar of Okawaru.
  1169 | D:3      | 1169 ||| PLANNING OKAWARU WORSHIP
  1175 | D:3      | Became a worshipper of Warmaster Okawaru
  1176 | D:3      | 1176 ||| PLANNING D:1-11
  1408 | D:3      | 1408 ||| Stepping ~*~*~tactically~*~*~ (outnumbered).
  1421 | D:3      | 1421 ||| FLEEEEING.
  1422 | D:3      | 1422 ||| FLEEEEING.
  1423 | D:3      | 1423 ||| FLEEEEING.
  1424 | D:3      | 1424 ||| FLEEEEING.
  1425 | D:3      | 1425 ||| FLEEEEING.
  1426 | D:3      | 1426 ||| FLEEEEING.
  1427 | D:3      | 1427 ||| STAIRDANCE
  1429 | D:2      | 1429 ||| FLEEEEING.
  1430 | D:2      | 1430 ||| FLEEEEING.
  1500 | D:2      | 1500 ||| UPGRADING to +1 hat.
  1531 | D:3      | 1531 ||| STAIRDANCE
  1540 | D:2      | 1540 ||| DRINKING potion of curing.
  1540 | D:2      | 1540 ||| (to cure confusion)
  1544 | D:2      | Reached XP level 6. HP: 27/38 MP: 6/6
  1974 | D:3      | 1974 ||| UPGRADING to ring of protection from cold.
  1975 | D:3      | 1975 ||| READING scroll labelled SAOFYD BELAI.
  1976 | D:3      | 1976 ||| DRINKING 3 cyan potions.
  2022 | D:3      | 2022 ||| DROPPING 2 potions of lignification.
  2057 | D:4      | Noticed Pargi
  2057 | D:4      | Found Vokakk's Antique Armour Boutique.
  2062 | D:4      | 2062 ||| STAIRDANCE
  2078 | D:3      | Killed Pargi
  2145 | D:4      | 2145 ||| SHOPLISTING encrusted leather armour (210 gold,
                  | have 101).
  2145 | D:4      | 2145 ||| SHOPLISTING faintly humming leather armour (210
                  | gold, have 101).
  2145 | D:4      | 2145 ||| SHOPLISTING glowing hat (210 gold, have 101).
  2145 | D:4      | 2145 ||| SHOPLISTING runed cloak (225 gold, have 101).
  2150 | D:4      | Found Dukiusihurr's General Store.
  2151 | D:4      | Found Todwiodo's Specific Store.
  2159 | D:4      | 2159 ||| SHOPLISTING +1 ring mail of positive energy (130
                  | gold, have 109).
  2159 | D:4      | 2159 ||| BUYING scroll of enchant weapon (75 gold).
  2159 | D:4      | Bought a scroll of enchant weapon for 75 gold pieces
  2159 | D:4      | 2159 ||| BUYING scroll of identify (20 gold).
  2159 | D:4      | Bought a scroll of identify for 20 gold pieces
  2159 | D:4      | 2159 ||| READING scroll of enchant weapon.
  2159 | D:4      | 2159 ||| ENCHANTING +1 shortbow.
  2239 | D:4      | Found a staircase to the Ecumenical Temple.
  2289 | D:4      | Found Ophoc's Jewellery Shoppe.
  2301 | D:4      | 2301 ||| SHOPLISTING +6 ring of strength (396 gold, have
                  | 76).
  2301 | D:4      | 2301 ||| SHOPLISTING ring of resist corrosion (220 gold,
                  | have 76).
  2301 | D:4      | 2301 ||| SHOPLISTING ring of see invisible (165 gold, have
                  | 76).
  2301 | D:4      | 2301 ||| SHOPLISTING ring of the Hare {EV+10} (1408 gold,
                  | have 76).
  2301 | D:4      | 2301 ||| SHOPLISTING ring of willpower (275 gold, have 76).
  2318 | D:4      | Found Uxzoh's Assorted Antiques.
  2321 | D:4      | 2321 ||| BUYING 2 murky grey potions (46 gold).
  2321 | D:4      | Bought 2 murky grey potions for 46 gold pieces
  2321 | D:4      | 2321 ||| SHOPLISTING fine leather armour (182 gold, have
                  | 30).
  2321 | D:4      | 2321 ||| BUYING murky grey potion (23 gold).
  2321 | D:4      | Bought a murky grey potion for 23 gold pieces
  2321 | D:4      | 2321 ||| SHOPLISTING purple potion (23 gold, have 7).
  2321 | D:4      | 2321 ||| SHOPLISTING sharpened iron wand (104 gold, have
                  | 7).
  2321 | D:4      | 2321 ||| SHOPLISTING shiny helmet (195 gold, have 7).
  2326 | D:4      | Found Bexzorru's Weapon Shoppe.
  2372 | D:4      | Noticed a yak
  2381 | D:4      | 2381 ||| DROPPING +6 ring of intelligence.
  2382 | D:4      | 2382 ||| READING scroll labelled IRURYSHINES.
  2383 | D:4      | 2383 ||| READING scroll labelled FOAMOM XIERAA.
  2384 | D:4      | 2384 ||| DRINKING 4 murky grey potions.
  2385 | D:4      | 2385 ||| READING 2 scrolls of identify.
  2385 | D:4      | 2385 ||| IDENTIFYING glowing golden potion
  2386 | D:4      | 2386 ||| DROPPING potion of attraction.
  2387 | D:4      | 2387 ||| DROPPING 3 potions of invisibility.
  2418 | D:4      | Killed a yak
  2418 | D:4      | Reached * piety under Okawaru
  2419 | D:4      | Reached skill level 7 in Ranged Weapons
  2419 | D:4      | Reached XP level 7. HP: 43/43 MP: 7/7
  2512 | D:4      | Found an ancient bone altar of Kikubaaqudgha.
  2517 | D:4      | Noticed a human
  2520 | D:4      | Killed a human
  2555 | D:4      | Reached skill level 1 in Invocations
  2810 | D:4      | Found a runed translucent door.
  2811 | D:4      | Noticed Crazy Yiuf
  2814 | D:4      | 2814 ||| READING scroll labelled LEIMNUAK GYREY.
  2842 | D:5      | Entered Level 5 of the Dungeon
  2882 | D:5      | Reached skill level 8 in Ranged Weapons
  2931 | D:5      | 2931 ||| INVOKING Heroism.
  2937 | D:5      | Reached skill level 3 in Invocations
  2979 | D:5      | 2979 ||| INVOKING Heroism.
  2984 | D:5      | Reached XP level 8. HP: 48/48 MP: 7/10
  3120 | D:5      | 3120 ||| FLEEEEING.
  3121 | D:5      | 3121 ||| FLEEEEING.
  3122 | D:5      | 3122 ||| FLEEEEING.
  3123 | D:5      | 3123 ||| STAIRDANCE
  3185 | D:4      | 3185 ||| UPGRADING to +0 pair of boots.
  3190 | D:4      | 3190 ||| READING scroll labelled ACEAXT BYMNIY.
  3315 | D:5      | 3315 ||| INVOKING Heroism.
  3316 | D:5      | 3316 ||| Stepping ~*~*~tactically~*~*~ (outnumbered).
  3328 | D:5      | 3328 ||| INVOKING Heroism.
  3331 | D:5      | Reached skill level 3 in Armour
  3383 | D:5      | 3383 ||| INVOKING Heroism.
  3384 | D:5      | HP: 8/49 [gnoll sergeant/+0 spear (11)]
  3385 | D:5      | 3385 ||| READING scroll of teleportation.
  3385 | D:5      | HP: 3/49 [gnoll sergeant/+0 spear (2)]
  3387 | D:5      | Slain by a gnoll

Levels and vault maps discovered:
D:1:      heliophobic_arrival_henge, layout_basic, hangedman_decor_riveting
D:2:      layout_rooms, serial_shops, shop, chequers_hall_statues_wall_a,
          st_stairs_7, due_unseen_surprise
D:3:      layout_basic, chequers_temple_overflow_statue_of_worship,
          nicolae_grassy_gnolls
D:4:      minmay_chambers_of_fours, layout_basic, tgw_kikubaaqudgha,
          minmay_temple_entry_mist, serial_shops, kennysheep_mini, shop,
          nicolae_shop_bloodbath_and_beyond, shop,
          hangedman_abyss_or_decor_passed, reono_crystal_passage,
          nicolae_specific_store, amethyst_killhole, minmay_pentomino_pile,
          uniq_pargi, uniq_crazy_yiuf_cottage
D:5:      layout_basic, minmay_starry_boxes

Skill      XL: |  1  2  3  4  5  6  7  8 |
---------------+-------------------------+-----
Armour         | 1 3 |  3.1
Ranged Weapons | 5 6 7 8 |  8.4
Fighting       | 3 4 5 |  5.0
Invocations    | 3 4 |  4.2
Dodging        | 2 |  2.1
Stealth        | |  1.1

Action                     |  1- 3 |  4- 6 |  7- 9 || total
---------------------------+-------+-------+-------++-------
   Fire: Shortbow          |   112 |   177 |   136 ||   425
 Invoke: Heroism           |       |       |     5 ||     5
    Use: Scroll            |     1 |     9 |     3 ||    13
         Potion            |       |     3 |       ||     3
 Armour: Leather armour    |    11 |       |       ||    11
         Ring mail         |    23 |   118 |    45 ||   186
  Dodge: Dodged            |    23 |    64 |    25 ||   112

Table legend:
 A = Non-vault XP
 B = Vault XP
 C = Vault XP percentage of total XP
 D = Non-vault monster count
 E = Vault monster count
 F = Vault count percentage of total count
                 A         B        C        D         E       F
            +---------+---------+-------+---------+---------+-------
      Total |    1166 |     653 |  35.9 |     101 |      21 |  17.2
            +---------+---------+-------+---------+---------+-------
        D:1 |      28 |       0 |   0.0 |      17 |       0 |   0.0
        D:2 |      83 |      13 |  13.5 |      20 |       1 |   4.8
        D:3 |     156 |     220 |  58.5 |      28 |       5 |  15.2
        D:4 |     104 |     404 |  79.5 |      17 |      13 |  43.3
        D:5 |     795 |      16 |   2.0 |      19 |       2 |   9.5
            +---------+---------+-------+---------+---------+-------
